 Dungeon Crawl Stone Soup version 0.31-a0-1206-g41278d8d1d (webtiles) character file.

Game seed: 13055459983852512036

277 jasper the Stinger (level 6, -10/41 HPs)
             Began as a Demonspawn Venom Mage on Dec 13, 2023.
             Mangled by an ogre
             ... wielding a +0 giant club
              (30 damage)
             ... on level 6 of the Dungeon.
             The game lasted 00:04:38 (3154 turns).

jasper the Stinger (Demonspawn Venom Mage)          Turns: 3154, Time: 00:04:39

Health: -10/41     AC:  4    Str:  9    XL:     6   Next: 4%
Magic:  2/9        EV: 12    Int: 17    God:
Gold:   168        SH:  0    Dex: 17    Spells: 3/9 levels left

rFire   + . .        f - +0 short sword
rCold   + . .        (no shield)
rNeg    . . .        a - +1 robe
rPois   .            (no helmet)
rElec   .            o - +0 cloak
rCorr   .            (no gloves)
SInv    .            (no boots)
Will    .....        (no amulet)
Stlth   ++++         d - ring of protection from cold
HPRegen 0.26/turn    t - ring of protection from fire
MPRegen 0.11/turn

%: no passive effects
@: very slightly contaminated
A: hooves 1, thin skeletal structure 2, powered by death 2
a: no special abilities


You were on level 6 of the Dungeon.
You visited 1 branch of the dungeon, and saw 4 of its levels.

You collected 168 gold pieces.

Inventory:

Hand Weapons
 f - a +0 short sword (weapon)
Missiles
 i - 49 stones
 l - 4 boomerangs
Armour
 a - a +1 robe (worn)
 n - a +0 leather armour
 o - a +0 cloak (worn)
 q - a +0 robe of cold resistance
Jewellery
 d - a ring of protection from cold (left hand)
 e - a ring of protection from fire
 t - a ring of protection from fire (right hand)
Scrolls
 g - a scroll of immolation {unknown}
 r - a scroll of vulnerability
 s - a scroll of enchant armour
Potions
 b - a potion of magic
 c - a potion of haste
 h - a potion of brilliance {unknown}
 j - a potion of lignification
 k - a potion of heal wounds
 m - a potion of enlightenment {unknown}
 p - 2 potions of curing {unknown}


   Skills:
 - Level 1.7 Dodging
 - Level 1.7 Stealth
 - Level 2.0 Spellcasting
 - Level 2.0 Conjurations
 - Level 0.8 Transmutations
 - Level 2.0 Air Magic
 + Level 5.9 Poison Magic


You had 3 spell levels left.
You knew the following spells:

 Your Spells              Type           Power      Damage    Failure   Level
a - Sting                 Tmut/Pois      52%        1d5       4%          1
b - Poisonous Vapours     Pois/Air       30%        N/A       6%          2
c - Mephitic Cloud        Conj/Pois/Air  12%        N/A       16%         3

Your spell library contained the following spells:

 Spells                   Type           Power      Damage    Failure   Level
 Olgreb's Toxic Radiance  Pois           21%        N/A       17%         4


Dungeon Overview and Level Annotations

Branches:
Dungeon (3/15)             Temple (0/1) D:6

Altars:


Innate Abilities, Weirdness & Mutations

You have large cloven feet.
You have a moderately thin skeletal structure. (Dex +4, Stealth++)
You regenerate health from kills.


Message History

Press: ? - help, Dir - move target, f - ogre
Aim: an ogre, wielding a +0 giant club Poisonous vapours surround the ogre!
The ogre is poisoned.
You now have 7/9 mp.
Aiming: Sting (safe; 4% risk of failure)
Press: ? - help, Q - select action, (/) - cycle Shift-Dir - straight line, f/p - ogre
Aim: an ogre, wielding a +0 giant club (lightly wounded, poisoned, 86% to hit)
The sting hits the ogre but does no damage.
The ogre looks even sicker.
The ogre is lightly wounded.
You now have 6/9 mp.
Aiming: Sting (safe; 4% risk of failure)
Press: ? - help, Q - select action, (/) - cycle Shift-Dir - straight line, f/p - ogre
Aim: an ogre, wielding a +0 giant club (lightly wounded, very poisoned, 86% to hit)
The sting hits the ogre.
The ogre looks even sicker.
The ogre is moderately wounded.
You now have 5/9 mp.
Aiming: Sting (safe; 4% risk of failure)
Press: ? - help, Q - select action, (/) - cycle Shift-Dir - straight line, f/p - ogre
Aim: an ogre, wielding a +0 giant club (moderately wounded, very poisoned, 86% to hit)
The sting hits the ogre.
The ogre looks as sick as possible!
The ogre is moderately wounded.
The ogre hits you with a +0 giant club!!
Ouch! That really hurt!
You take 22 damage, and have 19/41 hp.
MASSIVE DAMAGE!!
You now have 4/9 mp.
Aiming: Sting (safe; 4% risk of failure)
Press: ? - help, Q - select action, (/) - cycle Shift-Dir - straight line, f/p - ogre
Aim: an ogre, wielding a +0 giant club (severely wounded, extremely poisoned, 86% to hit)
You miscast Sting.
You are very lightly contaminated with residual magic.
Nothing appears to happen.
You now have 3/9 mp.
Aiming: Sting (safe; 4% risk of failure)
Press: ? - help, Q - select action, (/) - cycle Shift-Dir - straight line, f/p - ogre
Aim: an ogre, wielding a +0 giant club (severely wounded, extremely poisoned, 86% to hit)
The sting hits the ogre.
The ogre looks as sick as possible!
The ogre is almost dead.
The ogre hits you with a +0 giant club!!
Ouch! That really hurt!
You die...

. .## ###.#.. .
...... .. ..#.# .#.
#.... ###.# ....
....###...##....
#.#........#....
#...##.O@..##.. .##
##....#........#
...##.....##...###...
#.........#.###... .
#.......#.#)....
#................
#.....##.#......#
#.....##...##..##
.######......#.###
.##


You could see an ogre (extremely poisoned).

Vanquished Creatures
  Sigmund (D:3)
  Jessica (D:2)
  3 adders (D:2)
  2 worms (D:2)
  A dart slug (D:2)
  5 orcs (D:3)
  5 bats
  6 endoplasms
  4 giant cockroaches
  2 goblins
  3 hobgoblins (D:1)
  5 kobolds
  3 quokkas (D:2)
  5 ball pythons
  3 frilled lizards
  6 rats
55 creatures vanquished.

Notes
Turn   | Place    | Note
-------+----------+-------------------------------------------
     0 | D:1      | jasper the Demonspawn Venom Mage began the quest for the
                  | Orb.
     0 | D:1      | Reached XP level 1. HP: 13/13 MP: 3/3
   277 | D:1      | Gained mutation: You have large cloven feet. [demonic
                  | ancestry]
   277 | D:1      | Reached XP level 2. HP: 15/19 MP: 0/5
   280 | D:1      | Learned a level 2 spell: Poisonous Vapours
   969 | D:2      | Reached skill level 4 in Poison Magic
   969 | D:2      | Gained mutation: You have a somewhat thin skeletal
                  | structure. (Dex +2, Stealth+) [demonic ancestry]
   969 | D:2      | Reached XP level 3. HP: 23/24 MP: 0/6
   973 | D:2      | Learned a level 3 spell: Mephitic Cloud
  1550 | D:2      | Noticed Jessica
  1566 | D:2      | Killed Jessica
  1567 | D:2      | Reached skill level 1 in Conjurations
  1567 | D:2      | Reached skill level 1 in Air Magic
  1567 | D:2      | Gained mutation: You have a moderately thin skeletal
                  | structure. (Dex +4, Stealth++) [demonic ancestry]
  1567 | D:2      | Reached XP level 4. HP: 30/30 MP: 2/7
  2421 | D:3      | Noticed Sigmund
  2475 | D:3      | Killed Sigmund
  2476 | D:3      | Reached skill level 5 in Poison Magic
  2476 | D:3      | Gained mutation: You regenerate a little health from kills.
                  | [demonic ancestry]
  2476 | D:3      | Reached XP level 5. HP: 35/35 MP: 0/8
  2602 | D:3      | Gained mutation: You regenerate health from kills. [demonic
                  | ancestry]
  2602 | D:3      | Reached XP level 6. HP: 41/41 MP: 5/9
  3098 | D:3      | You fall into a shaft and drop 3 floors!
  3142 | D:6      | Found a staircase to the Ecumenical Temple.
  3154 | D:6      | Mangled by an ogre

Illustrated notes

Levels and vault maps discovered:
D:1:      roderic_dead_forest, layout_loops_ring
D:2:      minmay_chambers_of_ones, layout_rooms, serial_forest,
          infiniplex_forest_end_3, infiniplex_forest_corner_1,
          infiniplex_forest_lined_1, infiniplex_forest_clump_double,
          infiniplex_forest_end_2, infiniplex_forest_pool,
          infiniplex_forest_pool, infiniplex_forest_end_3, uniq_jessica
D:3:      layout_basic, uniq_sigmund
D:6:      layout_layer_cave, mainiacjoe_overflow_surrounded_room,
          minmay_temple_entry_slanted, gup_sewer_entry_bowl, serial_glass,
          glass_columns_b, glass_columns_c, glass_columns_b, glass_columns_c,
          serial_library_hellmonk_hallway_b

Skill      XL: |  1  2  3  4 |
---------------+-------------+-----
Poison Magic   | 4 5 |  5.9
Conjurations   | 1 2 |  2.0
Air Magic      | 1 2 |  2.0
Dodging        | |  1.7
Stealth        | |  1.7
Spellcasting   | |  2.0
Transmutations | |  0.8

Action                     |  1- 3 |  4- 6 || total
---------------------------+-------+-------++-------
  Melee: Short sword       |    28 |     6 ||    34
         Kick              |     2 |       ||     2
   Cast: Sting             |    48 |    36 ||    84
         Poisonous Vapours |     8 |    20 ||    28
    Use: Scroll            |     3 |     3 ||     6
         Potion            |       |     4 ||     4
 Armour: Robe              |    14 |     9 ||    23
         Skin              |       |     3 ||     3
  Dodge: Dodged            |    21 |    16 ||    37

Table legend: (Time is in decaauts)
 A = Elapsed time spent in this place.
 B = Non-inter-level travel time spent in this place.
 C = Inter-level travel time spent in this place.
 D = Time resting spent in this place.
 E = Time spent auto-exploring this place.
 F = Levels seen in this place.
 G = Mean time per level.
                   A        B        C        D        E       F      G
               +--------+--------+--------+--------+--------+-----+--------+
         Total |   3140 |   3127 |     13 |     27 |   2637 |   4 |  785.0 |
       Dungeon |   3140 |   3127 |     13 |     27 |   2637 |   4 |  785.0 |
               +--------+--------+--------+--------+--------+-----+--------+

Top non-repeatable levels by time:
     D:2: 1375 daAuts
     D:1: 953 daAuts
     D:3: 755 daAuts
     D:6: 55 daAuts
